 Dungeon Crawl Stone Soup version 0.27.1-1-g398f81649c (webtiles) character file.

Game seed: 13751118844384784644

58 Descartes the Sneak (level 3, -4/16 HPs)
             Began as a Spriggan Enchanter on Sept 18, 2021.
             Slain by a worm (9 damage)
             ... on level 2 of the Dungeon.
             The game lasted 00:05:52 (2200 turns).

Descartes the Sneak (Spriggan Enchanter)            Turns: 2200, Time: 00:05:53

Health: -4/16      AC:  2    Str:  5    XL:     3   Next: 75%
Magic:  17/17      EV: 18    Int: 16    God:
Gold:   58         SH:  0    Dex: 15    Spells: 2/8 levels left

rFire    . . .     SeeInvis +   a - +1 dagger
rCold    . . .     Faith    .   (shield restricted)
rNeg     . . .     Spirit   .   c - +0 robe
rPois    .         Reflect  .   (helmet restricted)
rElec    .         Harm     .   (no cloak)
rCorr    +         Rampage  .   (gloves unavailable)
Will     .....                  (boots unavailable)
Stlth    +++.......             (no amulet)
HPRegen  0.05/turn              d - ring of resist corrosion
MPRegen  0.15/turn              i - ring of magical power

@: very quick
A: very small, no large weapons, unfitting armour, see invisible, speed 3
a: no special abilities


You were on level 2 of the Dungeon.
You visited 1 branch of the dungeon, and saw 2 of its levels.

You collected 85 gold pieces.
You spent 27 gold pieces at shops.

Inventory:

Hand Weapons
 a - a +1 dagger (weapon)
 b - a +0 hunting sling
Missiles
 g - 41 stones
 l - a throwing net
 m - 18 arrows
Armour
 c - a +0 robe (worn)
Jewellery
 d - a ring of resist corrosion (left hand)
 i - a ring of magical power (right hand)
Scrolls
 e - a scroll of immolation {unknown}
 f - 3 scrolls of magic mapping {unknown}
 h - a scroll of acquirement {unknown}
 j - a scroll of identify {unknown}
 k - a scroll of enchant armour {unknown}
Potions
 n - a potion of attraction {unknown}


   Skills:
 + Level 2.2 Short Blades
 + Level 3.5 Dodging
 + Level 5.2 Stealth
 - Level 3.0 Spellcasting
 + Level 4.1 Hexes


You had 2 spell levels left.
You knew the following spells:

 Your Spells              Type           Power      Damage    Failure   Level
a - Confusing Touch       Hex            15%        N/A       10%         3
b - Corona                Hex            16%        N/A       3%          1
c - Ensorcelled Hibernat  Hex/Ice        18%        N/A       12%         2

Your spell library contained the following spells:

 Spells                   Type           Power      Damage    Failure   Level
 Beastly Appendage        Tmut           4%         N/A       19%         1
 Wereblood                Tmut           2%         N/A       28%         2
 Tukima's Dance           Hex            15%        N/A       10%         3
 Dazzling Flash           Conj/Hex       18%        N/A       24%         3
 Portal Projectile        Hex/Tloc       18%        N/A       24%         3
 Call Canine Familiar     Summ           2%         N/A       50%         3
 Gell's Gravitas          Tloc           1%         N/A       50%         3
 Spider Form              Tmut/Pois      1%         N/A       50%         3
 Teleport Other           Tloc           2%         N/A       50%         3
 Leda's Liquefaction      Hex/Erth       4%         N/A       61%         4
 Dispersal                Tloc           1%         N/A       100%        6


Dungeon Overview and Level Annotations

Branches:
Dungeon (2/15)

Altars:

Shops:
D:1 *(?*   D:2 !


Innate Abilities, Weirdness & Mutations

You are very small and have problems with some larger weapons.
You are too small for most types of armour.
You have supernaturally acute eyesight. (SInv)
You cover ground extremely quickly. (Speed+++)


Message History

The worm is severely wounded.
The worm closely misses you.
You hit the worm.
The worm is severely wounded.
You hit the worm.
The worm is almost dead.
You hit the worm but do no damage.
The worm is almost dead.
The worm seems less confused.
The worm bites you!
Ouch! That really hurt!
You are too injured to fight recklessly!
You are too injured to fight recklessly!
You are too injured to fight recklessly!
You hit the worm but do no damage.
The worm is severely wounded.
You hit the worm.
The worm is almost dead.
The worm bites you.
You hit the worm.
The worm is almost dead.
You barely miss the worm.
The worm is almost dead.
The worm misses you.
You hit the worm but do no damage.
The worm is almost dead.
You hit the worm.
The worm is almost dead.
The worm closely misses you.
You barely miss the worm.
The worm is almost dead.
You hit the worm.
The worm is almost dead.
The worm barely misses you.
You barely miss the worm.
The worm is almost dead.
You barely miss the worm.
The worm is almost dead.
The worm bites you!
Ouch! That really hurt!
You die...

#..# #†##... #.##
##.#..## #.#
#..#.## ####
##÷## #.#..#
##...##...##
#.#.##
##...?......##
..#.#
#............#
#.##.# #
#............##..
#.. .
#...$..@.........
... .
##.....w....###.#
### #
##...##...## #
#### #####


You could see a worm.

Vanquished Creatures
  An adder (D:2)
  3 dart slugs
  5 endoplasms (D:1)
  3 giant cockroaches
  A goblin (D:2)
  5 hobgoblins
  3 jackals (D:2)
  3 kobolds
  A quokka (D:1)
  3 ball pythons (D:1)
  A bat (D:1)
  5 frilled lizards
  6 rats
40 creatures vanquished.

Notes
Turn   | Place    | Note
-------+----------+-------------------------------------------
     0 | D:1      | Descartes the Spriggan Enchanter began the quest for the
                  | Orb.
     0 | D:1      | Reached XP level 1. HP: 9/9 MP: 5/5
    35 | D:1      | Found Taunn's Assorted Antiques.
   113 | D:1      | Reached XP level 2. HP: 13/13 MP: 6/6
   448 | D:1      | Found Rima's Antique Weapon Shop.
   499 | D:1      | Found a faded altar of an unknown god.
   706 | D:1      | You fall into a shaft and drop 1 floor!
   988 | D:1      | Found Moothrac's Assorted Antiques.
   998 | D:1      | Reached XP level 3. HP: 16/16 MP: 8/8
  1001 | D:1      | Bought a scroll labelled COSCHU RAILUNK for 27 gold pieces
  1111 | D:1      | Found Kujoapat's Magic Scroll Emporium.
  1288 | D:2      | Found Puumycio's Distillery.
  1296 | D:2      | Reached skill level 5 in Stealth
  1468 | D:2      | Learned a level 3 spell: Confusing Touch
  1471 | D:2      | Learned a level 2 spell: Ensorcelled Hibernation
  2200 | D:2      | Slain by a worm

Illustrated notes

Levels and vault maps discovered:
D:1:      minmay_arrival_split_and_join, layout_loops_cross,
          basic_ecumenical_altar, serial_shops, nicolae_shop_overgrown_old_shop,
          shop, shop, shop
D:2:      minmay_chambers_of_ones, layout_rooms, serial_shops, shop_fountains,
          kennysheep_generic_room_15

Skill      XL: |  1  2  3 |
---------------+----------+-----
Dodging        | 3 |  3.5
Spellcasting   | 3 |  3.0
Hexes          | 4 |  4.1
Short Blades   | 2 |  2.2
Stealth        | 5 |  5.2

Action                   || total
-------------------------++-------
Melee: Dagger            ||   156
 Cast: Confusing Touch   ||     2
 Stab: Sleeping          ||    13
       Distracted        ||     1
Armor: Robe              ||    11
Dodge: Dodged            ||    84
